 Dungeon Crawl Stone Soup version 0.28-a0-622-gbaef9634d7 (webtiles) character file.

Game seed: 8044774987572396246

807 Rennog the Skirmisher (level 7, -5/66 HPs)
             Began as a Minotaur Fighter on Oct 8, 2021.
             Was an Initiate of Ru.
             Asphyxiated
             ... on level 7 of the Dungeon.
             The game lasted 00:04:37 (2323 turns).

Rennog the Skirmisher (Minotaur Fighter)            Turns: 2323, Time: 00:04:37

Health: -5/66      AC:  9    Str: 20    XL:     7   Next: 60%
Magic:  6/6        EV: 11    Int:  5    God:    Ru [......]
Gold:   81         SH:  4    Dex: 12    Spells: 6/6 levels left

rFire   . . .      SeeInvis .   a - +0 flail
rCold   . . .      Faith    .   c - +0 buckler
rNeg    . . .      Spirit   .   b - +0 scale mail
rPois   .          Reflect  .   (helmet restricted)
rElec   .          Harm     .   k - +1 cloak
rCorr   .          Rampage  .   (no gloves)
Will    .....                   (no boots)
Stlth   ..........              (no amulet)
HPRegen 0.21/turn               (no ring)
MPRegen 0.10/turn               (no ring)

@: brilliant, lethally poisoned (-5 -> -23)
A: horns 2, retaliatory headbutt
a: Renounce Religion


You were on level 7 of the Dungeon.
You worshipped Ru.
Ru was noncommittal.
You visited 1 branch of the dungeon, and saw 5 of its levels.

You collected 81 gold pieces.

Inventory:

Hand Weapons
 a - a +0 flail (weapon)
Armour
 b - a +0 scale mail (worn)
 c - a +0 buckler (worn)
 k - a +1 cloak (worn)
Scrolls
 e - a scroll of enchant armour {unknown}
 g - a scroll of teleportation
 i - 2 scrolls of identify {unknown}
 n - 2 scrolls of amnesia {unknown}
 o - a scroll of noise {unknown}
Potions
 f - 2 potions of lignification


   Skills:
 * Level 7.6 Fighting
 + Level 4.5 Maces & Flails
 + Level 6.0 Armour
 + Level 4.0 Dodging
 - Level 3.6 Shields


You had 6 spell levels left.
You didn't know any spells.
Your spell library contained the following spells:

 Spells                   Type           Power      Damage    Failure   Level
 Blink                    Tloc           N/A        N/A       92%         2
 Manifold Assault         Tloc           0%         N/A       100%        5
 Summon Forest            Summ/Tloc      0%         N/A       100%        5
 Summon Mana Viper        Hex/Summ       0%         N/A       100%        5
 Summon Cactus Giant      Summ           0%         N/A       100%        6
 Storm Form               Tmut/Air       0%         N/A       100%        7


Dungeon Overview and Level Annotations

Branches:
Dungeon (7/15)
 Temple: D:4-7

Altars:
Okawaru
Ru
Trog

Shops:
D:2 *


Innate Abilities, Weirdness & Mutations

You have a pair of horns on your head.
You reflexively headbutt those who attack you in melee.


Message History

You barely miss the orc warrior.
The orc warrior is heavily wounded.
The orc warrior hits you with a +0 war axe.
You hit the orc warrior.
The orc warrior is severely wounded.
The orc warrior hits you with a +0 war axe!
* * * LOW HITPOINT WARNING * * *
You closely miss the orc warrior.
The orc warrior is severely wounded.
The orc warrior hits you with a +0 war axe!
* * * LOW HITPOINT WARNING * * *
A water moccasin comes into view.
The water moccasin hisses angrily.
You thump the orc warrior!
The orc warrior is almost dead.
The orc warrior hits you with a +0 war axe.
* * * LOW HITPOINT WARNING * * *
You closely miss the orc warrior.
The orc warrior is almost dead.
The orc warrior hits you with a +0 war axe!
* * * LOW HITPOINT WARNING * * *
The orc warrior hits you but does no damage.
You hit the orc warrior.
You kill the orc warrior!
Something hits you but does no damage.
Your Armour skill increases to level 6!
Your Dodging skill increases to level 4!
You cannot move.
You cannot move.
As you read the scroll labelled LAJAL BOCRO, it crumbles to dust.
You feel a strange sense of stasis.
It was a scroll of teleportation.
You feel less wooden.
Your +1 cloak unmelds from your body.
Your +0 scale mail unmelds from your body.
You block something's attack.
The kobold brigand throws a curare-tipped dart.
The curare-tipped dart hits you.
You are lethally poisoned!
You have difficulty breathing.
You die...

..# #.### #.#.. #.#.# ########
#.#.# #.# ########......# #.#.#
#.#
.............o######.#.###.##.###
...[.=......SK).@................
......).....########.#.###.##.###
......)...### #.#.###.##.###
#######....# .^#...#.##....
......# ######.#.######
.$..$....+ ..............<.
=......#..## ..#####.#..†....
.......#..# #.#.......
.......#..# #.#.......


You could see a water moccasin, a kobold brigand and an orc.

Vanquished Creatures
  An orc warrior (D:7)
  2 black bears (D:7)
  A necrophage (D:7)
  A phantom (D:7)
  A kobold brigand (D:7)
  A scorpion (D:7)
  A killer bee (D:7)
  A water moccasin skeleton (D:6)
  An orc priest (D:7)
  Terence (D:2)
  3 adders (D:2)
  A shadow imp (D:7)
  2 dart slugs
  4 orcs (D:7)
  7 ball pythons
  4 bats
  4 endoplasms
  7 goblins
  6 hobgoblins
  3 quokkas
  6 frilled lizards
  9 kobolds
  2 rats (D:3)
69 creatures vanquished.

Notes
Turn   | Place    | Note
-------+----------+-------------------------------------------
     0 | D:1      | Rennog the Minotaur Fighter began the quest for the Orb.
     0 | D:1      | Reached XP level 1. HP: 19/19 MP: 0/0
    82 | D:1      | You fall into a shaft and drop 1 floor!
    86 | D:2      | Reached skill level 4 in Fighting
    86 | D:2      | Reached XP level 2. HP: 20/27 MP: 1/1
    90 | D:2      | Reached skill level 1 in Dodging
   124 | D:2      | Reached XP level 3. HP: 28/34 MP: 2/2
   927 | D:1      | Found a faded altar of an unknown god.
   935 | D:1      | Became a worshipper of Ru the Awakened
  1015 | D:1      | Reached XP level 4. HP: 37/41 MP: 3/3
  1202 | D:2      | Found Jotyn's General Store.
  1220 | D:2      | Noticed Terence
  1232 | D:2      | Killed Terence
  1233 | D:2      | Reached skill level 5 in Fighting
  1716 | D:3      | You fall into a shaft and drop 3 floors!
  1723 | D:6      | Reached XP level 5. HP: 39/48 MP: 4/4
  1728 | D:6      | Noticed a yak
  1728 | D:6      | Noticed a yak
  1728 | D:6      | Noticed a yak
  1729 | D:6      | Noticed a yak
  1730 | D:6      | Noticed a yak
  1804 | D:7      | Noticed a black bear
  1805 | D:7      | Found a bloodstained altar of Trog.
  1805 | D:7      | Noticed a black bear
  1818 | D:7      | Killed a black bear
  1824 | D:7      | Killed a black bear
  1825 | D:7      | Reached skill level 6 in Fighting
  1825 | D:7      | Reached skill level 5 in Armour
  1825 | D:7      | Reached XP level 6. HP: 30/57 MP: 5/5
  2077 | D:7      | Found an iron altar of Okawaru.
  2174 | D:7      | Reached skill level 7 in Fighting
  2174 | D:7      | Reached XP level 7. HP: 66/66 MP: 6/6
  2180 | D:6      | Noticed a vampire mosquito
  2180 | D:6      | Noticed a vampire mosquito
  2180 | D:6      | Noticed a vampire mosquito
  2320 | D:7      | HP: 3/99 [orc warrior (13)]
  2323 | D:7      | Asphyxiated

Illustrated notes

Levels and vault maps discovered:
D:1:      saegor_arrival_simple_b, layout_rooms,
          chequers_ecumenical_altar_simple_redux
D:2:      layout_basic, serial_shops, shop, uniq_terence
D:3:      layout_loops_corners, kennysheep_generic_room_14
D:6:      layout_rooms, kennysheep_slug_shrine, led_sif_book,
          uniq_crazy_yiuf_cottage, uniq_eustachio, uniq_prince_ribbit1
D:7:      layout_basic, okawaru_altar_gauntlet_db,
          gammafunk_temple_overflow_elements, trog_ov_bears_minmay,
          minmay_checkerbox, uniq_maggie, uniq_duvessa

Skill      XL: |  1  2  3  4  5  6  7 |
---------------+----------------------+-----
Fighting       | 4 5 6 7 |  7.6
Dodging        | 1 2 3 4 |  4.0
Armour         | 4 5 6 |  6.0
Maces & Flails | 3 4 |  4.5
Shields        | |  3.6

Action                   |  1- 3 |  4- 6 |  7- 9 || total
-------------------------+-------+-------+-------++-------
Melee: Flail             |    64 |    91 |    35 ||   190
       Headbutt          |    11 |    13 |     2 ||    26
Invok: Reject Sacrifices |     1 |       |       ||     1
  Use: Potion            |       |     1 |     6 ||     7
       Scroll            |       |       |     1 ||     1
Armor: Scale mail        |    29 |    36 |     4 ||    69
       Skin              |       |       |    21 ||    21
Dodge: Dodged            |    35 |    59 |     9 ||   103
Block: Buckler           |    15 |    17 |     9 ||    41

Table legend: (Time is in decaauts)
 A = Elapsed time spent in this place.
 B = Non-inter-level travel time spent in this place.
 C = Inter-level travel time spent in this place.
 D = Time resting spent in this place.
 E = Time spent auto-exploring this place.
 F = Levels seen in this place.
 G = Mean time per level.
                   A        B        C        D        E       F      G
               +--------+--------+--------+--------+--------+-----+--------+
         Total |   2374 |   2188 |    186 |      0 |   1707 |   5 |  474.8 |
       Dungeon |   2374 |   2188 |    186 |      0 |   1707 |   5 |  474.8 |
               +--------+--------+--------+--------+--------+-----+--------+

Top non-repeatable levels by time:
     D:2: 916 daAuts
     D:7: 606 daAuts
     D:1: 596 daAuts
     D:3: 229 daAuts
     D:6: 24 daAuts
